 Dungeon Crawl Stone Soup version 0.20-a0-641-g673355a (webtiles) character file.

5190 DevlanMud the Carver (level 10, -3/83 HPs)
             Began as a Barachian Berserker on Feb 14, 2017.
             Was an Elder of Trog.
             Killed from afar by an electric eel (12 damage)
             ... with a bolt of electricity
             ... on level 7 of the Dungeon.
             The game lasted 00:31:23 (8543 turns).

DevlanMud the Carver (Barachian Berserker)          Turns: 8543, Time: 00:31:24

Health: -3/83      AC: 11    Str: 20    XL:     10   Next: 60%
Magic:  13/13      EV: 13    Int:  6    God:    Trog [****..]
Gold:   287        SH:  6    Dex: 11    Spells: 9/9 levels left

rFire    + . .     SeeInvis .   a - +1 falchion
rCold    . . .     Gourm    .   k - +0 ring mail "Obifisop" {rN+ MR+ Slay+2}
rNeg     + . .     Faith    .   y - +2 buckler
rPois    +         Spirit   .   n - +1 helmet
rElec    .         Reflect  .   j - +0 cloak
rCorr    .         Harm     .   (no gloves)
MR       +....                  E - +0 pair of boots
Stlth    +.........             (no amulet)
Regen    0.3/turn               D - ring of protection from fire
MPRegen  0.2/turn               t - ring of poison resistance

@: slow
A: swims, robust 1, slowness 1, strong 1, wild magic 1, strong legs 1
a: Hop, Berserk, Trog's Hand, Brothers in Arms, Burn Spellbooks, Renounce
Religion


You were on level 7 of the Dungeon.
You worshipped Trog.
Trog was greatly pleased with you.
You were not hungry.

You visited 1 branch of the dungeon, and saw 7 of its levels.

You collected 287 gold pieces.

Inventory:

Hand Weapons
 a - a +1 falchion (weapon)
 r - a cursed -3 shortbow
Missiles
 g - 177 arrows
Armour
 j - a +0 cloak (worn)
 k - the +0 ring mail "Obifisop" (worn) {rN+ MR+ Slay+2}
   (You found it on level 4 of the Dungeon)

   It affects your accuracy and damage with ranged weapons and melee attacks
   (+2).
   It protects you from negative energy.
   It affects your resistance to hostile enchantments.
 n - a +1 helmet (worn)
 y - a +2 buckler (worn)
 E - a +0 pair of boots (worn)
Jewellery
 d - an uncursed ring of protection from magic
 h - an uncursed ring of magical power
 s - an uncursed ring of fire
 t - a ring of poison resistance (left hand)
 A - an uncursed ring of protection from cold
 D - a ring of protection from fire (right hand)
Wands
 v - a wand of disintegration (24/24)
 w - a wand of flame (14/48)
Scrolls
 b - 6 scrolls of identify
 e - 6 scrolls of teleportation
 q - 4 scrolls of fog
 u - 3 scrolls of remove curse
 C - a scroll of immolation
Potions
 i - 2 potions of flight
 m - 4 potions of curing
 o - a potion of ambrosia
 x - a potion of mutation
Books
 f - a book of Minor Magic

   Spells                             Type                      Level
   a - Magic Dart                     Conjuration                  1
   b - Blink                          Translocation                2
   c - Call Imp                       Summoning                    2
   d - Slow                           Hexes                        2
   e - Conjure Flame                  Conjuration/Fire             3
   f - Mephitic Cloud                 Conjuration/Poison/Air       3
   Trog disapproves of the use of such an item.
Comestibles
 c - 8 bread rations
 l - 5 meat rations
 p - a chunk of flesh
 B - 3 fruits
 F - 4 royal jellies


   Skills:
 - Level 6.0 Fighting
 * Level 12.2 Long Blades
 - Level 0.3 Bows
 + Level 5.8 Armour
 - Level 5.1 Dodging
 - Level 4.3 Shields
 + Level 4.6 Evocations


You had 9 spell levels left.
You didn't know any spells.

Dungeon Overview and Level Annotations

Branches:
Dungeon (7/15)             Temple (0/1) D:5

Altars:
Dithmenos
Nemelex Xobeh
Qazlal
Sif Muna
Trog
The Shining One

Shops:
D:4 [


Innate Abilities, Weirdness & Mutations

You can swim through water.
You cover ground slowly.
You can hop short distances.
You are robust. (+10% HP)
Your muscles are strong. (Str +2)
Your spells are a little harder to cast, but a little more powerful.


Message History

The electric eel shoots out a bolt of lightning at you!
The bolt of electricity hits the plant. x2; The bolt of electricity hits you!
* * * LOW HITPOINT WARNING * * *
The bolt of electricity misses you.
There is an open door here.
The electric eel shoots out a bolt of lightning at you!
The bolt of electricity hits the electric eel.
The electric eel completely resists.
The bolt of electricity hits the plant.
The plant is destroyed!
The bolt of electricity hits the plant.
The bolt of electricity hits you!
* * * LOW HITPOINT WARNING * * *
The electric eel shoots out a bolt of lightning at you!
The bolt of electricity hits the plant.
The bolt of electricity hits you!
* * * LOW HITPOINT WARNING * * *
The electric eel shoots out a bolt of lightning at you!
The bolt of electricity hits the electric eel.
The electric eel completely resists.
The bolt of electricity hits the plant.
The plant is destroyed!
The bolt of electricity hits you!
You die...

#.....###'####.# ##########
#.....#.....##.# ###........#
#.....#.....##)# ##......)...#
#.....#######..#
...#........#####........####.##
......########................#
^...^..........###..###########
........########.##.#
.....#'##≈$(...#@.#.#
######.#≈;;≈≈..'#.#.##
#.#≈≈.P....#≈#..######### ###
#≈#≈†%≈≈...#≈##...>.....# ..#
#≈##≈.$P..##≈≈##.######.# ..#
##≈##########.##.# #.# ..#
##≈##≈.≈...#..#.# #.# ..#
#.#≈≈.PP..'#.#.# #.# ..#
#.#≈..P....#.#.### #.#


You could see 2 electric eels.

Vanquished Creatures
  A two-headed ogre (D:6)
  Grinder (D:6)
  A slime creature (D:7)
  2 hippogriffs (D:7)
  Sigmund (D:3)
  A yak (D:7)
  The ghost of Aak the Caller, an amateur VSSu of Okawaru (D:5)
  Eustachio (D:6)
  3 hogs (D:7)
  A human (D:7)
  Menkaure (D:6)
  A black bear (D:6)
  An orc warrior (D:6)
  2 ogres
  A necrophage (D:5)
  A phantom (D:5)
  3 centaurs
  A bullfrog (D:7)
  A gnoll sergeant (D:6)
  3 scorpions
  4 wights (D:7)
  A howler monkey (D:7)
  4 electric eels (D:7)
  2 crimson imps
  A centaur zombie (D:7)
  Crazy Yiuf (D:3)
  A gnoll shaman (D:4)
  2 hounds
  A jelly (D:7)
  6 orc priests
  2 orc wizards (D:7)
  A bullfrog skeleton (D:5)
  2 iguanas (D:4)
  Natasha (D:3)
  7 worker ants
  A howler monkey zombie (D:7)
  A hound skeleton (D:5)
  19 gnolls
  7 adders
  A shadow imp (D:6)
  An ooze (D:1)
  An adder skeleton (D:7)
  3 adder zombies (D:5)
  3 worms
  3 dart slugs
  2 leopard geckos
  21 orcs
  11 bats
  6 giant cockroaches
  4 goblins
  5 hobgoblins
  9 jackals (D:2)
  6 quokkas
  4 ball pythons
  8 frilled lizards
  4 kobolds
  A leopard gecko zombie (D:5)
  7 rats
  2 fungi (D:3)
194 creatures vanquished.

Vanquished Creatures (others)
  2 plants (D:7)
2 creatures vanquished.

Grand Total: 196 creatures vanquished

Notes
Turn   | Place    | Note
-------+----------+-------------------------------------------
     0 | D:1      | DevlanMud the Barachian Berserker began the quest for the Orb.
     0 | D:1      | Reached XP level 1. HP: 18/18 MP: 1/1
   108 | D:1      | Reached XP level 2. HP: 24/24 MP: 2/2
   251 | D:1      | Gained mutation: You are covered in fur. (AC +1) [potion of mutation]
   251 | D:1      | Gained mutation: You regenerate slowly when monsters are visible. [potion of mutation]
   251 | D:1      | Gained mutation: Your body sometimes deteriorates upon taking damage. [potion of mutation]
   251 | D:1      | Gained mutation: You have sharp toenails. [potion of mutation]
  1058 | D:2      | Reached XP level 3. HP: 29/29 MP: 3/3
  1073 | D:2      | Reached skill level 4 in Long Blades
  1390 | D:2      | Reached ** piety under Trog
  1398 | D:2      | Found a shadowy altar of Dithmenos.
  1641 | D:2      | Reached XP level 4. HP: 28/37 MP: 4/4
  2267 | D:3      | Noticed Sigmund
  2281 | D:3      | Killed Sigmund
  2281 | D:3      | Reached skill level 5 in Long Blades
  2281 | D:3      | Reached XP level 5. HP: 41/43 MP: 5/5
  2281 | D:3      | Reached XP level 6. HP: 46/49 MP: 6/6
  2599 | D:3      | Found a bloodstained altar of Trog.
  2599 | D:3      | Found a glowing golden altar of the Shining One.
  2623 | D:3      | Lost mutation: Your body sometimes deteriorates upon taking damage. [potion of mutation]
  2623 | D:3      | Lost mutation: You have sharp toenails. [potion of mutation]
  2623 | D:3      | Gained mutation: You have sharp toenails. [potion of mutation]
  2623 | D:3      | Gained mutation: You are clumsy. (Dex -2) [potion of mutation]
  2623 | D:3      | Gained mutation: You are very clumsy. (Dex -4) [potion of mutation]
  2623 | D:3      | Gained mutation: You are partially covered in yellow scales. (AC +2) [potion of mutation]
  2775 | D:3      | Reached skill level 6 in Long Blades
  2812 | D:3      | Noticed Natasha
  2818 | D:3      | Killed Natasha
  2870 | D:3      | Reached *** piety under Trog
  2999 | D:3      | Found a sparkling altar of Nemelex Xobeh.
  3113 | D:3      | Found a runed door.
  3118 | D:3      | Noticed Crazy Yiuf
  3123 | D:3      | Killed Crazy Yiuf
  3211 | D:4      | Got a slimy ring mail
  3217 | D:4      | Identified the +0 ring mail "Obifisop" {rN+ MR+ Slay+2} (You found it on level 4 of the Dungeon)
  3296 | D:4      | Reached XP level 7. HP: 35/55 MP: 7/7
  3569 | D:4      | Found Zacag's Armour Boutique.
  3688 | D:4      | Reached skill level 7 in Long Blades
  4112 | D:5      | Entered Level 5 of the Dungeon
  4187 | D:5      | Found a staircase to the Ecumenical Temple.
  4395 | D:5      | Reached XP level 8. HP: 40/61 MP: 8/8
  4396 | D:5      | Received a gift from Trog
  4612 | D:5      | Reached skill level 8 in Long Blades
  4612 | D:5      | Reached skill level 5 in Armour
  4733 | D:5      | Noticed Aak's ghost (amateur VSSu)
  4748 | D:5      | Killed Aak's ghost
  4891 | D:5      | Reached skill level 5 in Fighting
  5446 | D:6      | Lost mutation: You have sharp toenails. [potion of mutation]
  5446 | D:6      | Lost mutation: You regenerate slowly when monsters are visible. [potion of mutation]
  5446 | D:6      | Lost mutation: You are covered in fur. (AC +1) [potion of mutation]
  5446 | D:6      | Lost mutation: You are very clumsy. (Dex -4) [potion of mutation]
  5446 | D:6      | Lost mutation: You are partially covered in yellow scales. (AC +2) [potion of mutation]
  5446 | D:6      | Lost mutation: You are clumsy. (Dex -2) [potion of mutation]
  5446 | D:6      | Gained mutation: You are robust. (+10% HP) [potion of mutation]
  5446 | D:6      | Gained mutation: Your spells are a little harder to cast, but a little more powerful. [potion of mutation]
  5446 | D:6      | Gained mutation: Your muscles are strong. (Str +2) [potion of mutation]
  5471 | D:6      | Reached skill level 1 in Evocations
  5478 | D:6      | Reached skill level 9 in Long Blades
  5707 | D:6      | Found a stormy altar of Qazlal.
  5765 | D:6      | Noticed Eustachio
  5771 | D:6      | Reached skill level 1 in Shields
  5940 | D:6      | Killed Eustachio
  5940 | D:6      | Reached XP level 9. HP: 74/74 MP: 10/10
  5973 | D:6      | Noticed a two-headed ogre
  5986 | D:6      | Killed a two-headed ogre
  5986 | D:6      | Reached skill level 10 in Long Blades
  6302 | D:6      | Reached **** piety under Trog
  6518 | D:6      | Found a deep blue altar of Sif Muna.
  6697 | D:6      | Noticed Menkaure
  6704 | D:6      | Killed Menkaure
  6774 | D:6      | Noticed Grinder
  6790 | D:6      | Killed Grinder
  6790 | D:6      | Reached skill level 5 in Dodging
  6811 | D:6      | Reached skill level 11 in Long Blades
  7244 | D:7      | Reached XP level 10. HP: 68/81 MP: 12/12
  7910 | D:7      | Reached skill level 12 in Long Blades
  7920 | D:7      | Reached ***** piety under Trog
  8515 | D:7      | Got a heavily runed cloak
  8516 | D:7      | Identified the -3 cloak of Zin's Esteem {+Inv Regen+ Int-5 Slay+2} (You found it on level 7 of the Dungeon)
  8543 | D:7      | Killed from afar by an electric eel

Vault maps used:
D:1:      lightli_arrival_quake
D:2:      first_bread, nicolae_dithmenos_through_a_glass_darkly
D:3:      gammafunk_temple_overflow_wave, nemelex_spade_bored_becter,
          uniq_crazy_yiuf_cottage, uniq_sigmund, uniq_natasha
D:4:      serial_shops, nicolae_shop_trees, roderic_roman_lattice
D:5:      temple_fountains, corexii_checkpoint_b, minmay_holes
D:6:      chequers_temple_overflow_statue_of_worship, uniq_menkaure,
          uniq_grinder, uniq_eustachio
D:7:      cheibrodos_two_vegetables, grunt_livestock, grunt_ministairs_10

Skill      XL: |  1  2  3  4  5  6  7  8  9 10 |
---------------+-------------------------------+-----
Long Blades    | 4 5 6 7 9 11 12 | 12.2
Fighting       | 4 5 6 |  6.0
Armour         | 3 4 5 |  5.8
Dodging        | 3 4 5 |  5.1
Evocations     | 1 3 4 |  4.6
Shields        | 2 4 |  4.3
Bows           | |  0.3

Action                   |  1- 3 |  4- 6 |  7- 9 | 10-12 || total
-------------------------+-------+-------+-------+-------++-------
Melee: Falchion          |   126 |   160 |   341 |   148 ||   775
       Kick              |    22 |    27 |    27 |       ||    76
Invok: Berserk           |       |     3 |    10 |     2 ||    15
       Burn Spellbooks   |       |       |     1 |       ||     1
 Abil: Hop               |       |       |     1 |       ||     1
Evoke: Wand              |       |       |       |     6 ||     6
  Use: Scroll            |     3 |     6 |     4 |     2 ||    15
       Potion            |     1 |     8 |     7 |     1 ||    17
  Eat: Chunk             |     3 |     9 |    19 |     5 ||    36
       Royal jelly       |       |       |     2 |     1 ||     3
Armor: Scale mail        |    69 |    66 |       |       ||   135
       Ring mail         |       |     5 |   119 |    34 ||   158
Dodge: Dodged            |    79 |    62 |   182 |    58 ||   381
Block: Buckler           |       |       |    40 |    21 ||    61
       Rpst.: Falchion   |    32 |    18 |    52 |    14 ||   116
